 Dungeon Crawl Stone Soup version 0.22-a0-369-gc73351f94e (webtiles) character file.

2522 Flugkiller the Summoner (level 9, -3/62 HPs)
             Began as a Mummy Summoner on Apr 24, 2018.
             Was an Initiate of Gozag.
             Killed from afar by a steam dragon (33 damage)
             ... with a ball of steam
             ... on level 8 of the Dungeon.
             The game lasted 00:24:25 (12587 turns).

Flugkiller the Summoner (Mummy Summoner)           Turns: 12587, Time: 00:24:26

Health: -3/62      AC:  6    Str: 12      XL:     9   Next: 29%
Magic:  21/24      EV: 11    Int: 21      God:    Gozag
Gold:   1470       SH:  0    Dex:  8 (12) Spells: 7/17 levels left

rFire    x . .     SeeInvis .   i - +2 dagger (drain)
rCold    + . .     Gourm    .   (no shield)
rNeg     + + +     Faith    .   f - +0 leather armour {rPois}
rPois    ∞         Spirit   .   j - +2 helmet
rElec    .         Reflect  .   (no cloak)
rCorr    .         Harm     .   (no gloves)
MR       +....                  (no boots)
Stlth    +.........             u - amulet of regeneration
HPRegen  0.60/turn              k - +4 ring of intelligence
MPRegen  0.19/turn              b - ring of magical power

@: no status effects
A: no food or potions, fire vulnerability, cold resistance 1, negative energy
resistance 3, torment resistance, unbreathing
a: Potion Petition, Call Merchant, Bribe Branch, Renounce Religion


You were on level 8 of the Dungeon.
You worshipped Gozag.
Gozag was most pleased with you.
You were not hungry.

You visited 2 branches of the dungeon, and saw 9 of its levels.

You collected 1569 gold pieces.
You spent 75 gold pieces at shops.
You paid 24 gold pieces to Gozag.

Inventory:

Hand Weapons
 i - a +2 dagger of draining (weapon)
 l - a +1 short sword of venom
Armour
 c - a +0 ring mail
 f - a +0 leather armour of poison resistance (worn)
 h - a +0 robe
 j - a +2 helmet (worn)
 r - the -2 hat of the Alchemist {rElec rPois rF+ rC+ rN+ MR+ rMut rCorr}
   (You found it on level 6 of the Dungeon)

   It protects you from fire.
   It protects you from cold.
   It insulates you from electricity.
   It protects you from poison.
   It protects you from negative energy.
   It affects your resistance to hostile enchantments.
   It protects you from acid and corrosion.
   It protects you from mutation.
 v - a scarf of spirit shield
Jewellery
 b - a ring of magical power (right hand)
 k - a +4 ring of intelligence (left hand)
 n - a +1 ring of protection
 p - an uncursed ring of resist corrosion
 t - a cursed -2 ring of dexterity {unknown}
 u - an amulet of regeneration (around neck)
Wands
 o - a wand of scattershot (9)
 s - a wand of random effects (35)
Scrolls
 a - a scroll of fog
 d - a scroll of magic mapping
 e - 5 scrolls of identify
 g - 7 scrolls of teleportation
 m - a scroll of immolation
 q - a scroll of blinking


   Skills:
 + Level 2.6 Fighting
 + Level 2.2 Armour
 - Level 1.5 Dodging
 - Level 1.5 Stealth
 + Level 4.6 Spellcasting
 - Level 9.0 Summonings
 - Level 4.6 Ice Magic


You had 7 spell levels left.
You knew the following spells:

 Your Spells              Type           Power        Failure   Level  Hunger
a - Summon Small Mammal   Summ           ####         1%          1    N/A
b - Call Imp              Summ           #####...     1%          2    N/A
c - Call Canine Familiar  Summ           #####...     1%          3    N/A
d - Summon Ice Beast      Ice/Summ       ####....     9%          4    N/A

Dungeon Overview and Level Annotations

Branches:
Dungeon (8/15)             Temple (1/1) D:4
   Lair: D:8-11

Altars:
Cheibriados
Dithmenos
Fedhas
Gozag
Hepliaklqana
Makhleb
Nemelex Xobeh
Qazlal
Ru
Vehumet
Wu Jian
Xom
Yredelemnul

Shops:
D:6 ?   D:7 !


Innate Abilities, Weirdness & Mutations

You do not eat or drink.
Your flesh is vulnerable to fire.
You are immune to poison.
Your flesh is cold resistant. (rC+)
You are immune to negative energy. (rN+++)
You are immune to unholy pain and torment.
You can survive without breathing.


Message History

You are engulfed in a cloud of scalding steam.
The steam dragon bites you.
The steam dragon claws you but does no damage.
Your ice beast hits the steam dragon but does no damage.
You hit the steam dragon but do no damage.
The steam dragon is lightly wounded.
You are engulfed in a cloud of scalding steam.
The steam dragon bites you.
The steam dragon claws you but does no damage.
Your ice beast hits the steam dragon but does no damage.
Your ice beast hits the steam dragon.
Your ice beast freezes the steam dragon!
The steam dragon barely misses you. The steam dragon closely misses you.
Your ice beast barely misses the steam dragon.
Your ice beast hits the steam dragon but does no damage.
The steam dragon breathes steam at you. The ball of steam hits you!
The steam scalds you terribly!
Ouch! That really hurt!
You die...
Your body crumbles into a pile of gold.

#...... #.##...
######### ### #.##...
#.....(.# #.# #(##...
####.##.#.########<###..
#....Y.# #..........##..
#.##.D## ##.######......
# #.#§###.## ##.##..
...##@#.## #.####
#.######.## #.# .. ###
######.# #.
########......# #
#.....##.####.####
#.....##.####.#...
#.........#....... .
#.....##..#.#.#... ##.
#.....##..#...)###


You could see a steam dragon and a friendly ice beast.

Vanquished Creatures
  An orc warrior (D:7)
  A sky beast (D:7)
  A bullfrog (D:8)
  A centaur skeleton (D:6)
  A worker ant (D:5)
  An adder (D:2)
  A shadow imp (D:7)
  A leopard gecko (D:6)
  5 orcs
  3 goblins (D:3)
  A hobgoblin (D:3)
  A quokka (D:3)
  A frilled lizard (D:5)
19 creatures vanquished.

Vanquished Creatures (collateral kills)
  A two-headed ogre (D:8)
  Menkaure (D:6)
  2 water moccasins
  A sky beast (D:7)
  A black bear (D:4)
  3 ogres
  3 orc warriors
  4 ice beasts
  2 necrophages
  3 phantoms
  A crocodile (D:7)
  2 centaurs
  2 bullfrogs
  3 wights
  3 howler monkeys
  A bullfrog zombie (D:5)
  3 crimson imps (D:7)
  A quasit (D:8)
  3 hounds
  A jelly (D:6)
  2 bullfrog skeletons
  7 orc priests
  An iguana (D:7)
  3 orc wizards (D:7)
  6 worker ants
  A killer bee zombie (D:4)
  Robin (D:3)
  A worker ant zombie (D:4)
  6 gnolls
  5 adders
  A shadow imp (D:5)
  An ooze (D:2)
  4 worms
  3 dart slugs
  7 leopard geckos
  24 orcs
  6 giant cockroaches
  21 goblins
  4 hobgoblins
  4 jackals (D:8)
  10 kobolds
  3 quokkas
  A ball python (D:4)
  6 bats
  9 frilled lizards
  A leopard gecko skeleton (D:4)
  A leopard gecko zombie (D:7)
  3 rats
  A spectral orc (D:2)
184 creatures vanquished.

Grand Total: 203 creatures vanquished

Notes
Turn   | Place    | Note
-------+----------+-------------------------------------------
     0 | D:1      | Flugkiller the Mummy Summoner began the quest for the Orb.
     0 | D:1      | Reached XP level 1. HP: 13/13 MP: 4/4
   378 | D:1      | Reached XP level 2. HP: 19/19 MP: 0/6
  1132 | D:2      | Learned a level 2 spell: Call Imp
  1457 | D:2      | Found a basalt altar of Yredelemnul.
  1581 | D:2      | Found an opulent altar of Gozag.
  1610 | D:2      | Reached skill level 4 in Summonings
  1621 | D:2      | Became a worshipper of Gozag Ym Sagoz the Greedy
  1696 | D:2      | Reached XP level 3. HP: 24/24 MP: 1/7
  2831 | D:3      | Reached XP level 4. HP: 30/30 MP: 3/8
  2941 | D:3      | Noticed Robin
  2950 | D:3      | Killed Robin
  3133 | D:3      | Learned a level 3 spell: Call Canine Familiar
  3403 | D:3      | Noticed a bullfrog
  3417 | D:3      | Killed a bullfrog
  3417 | D:3      | Reached skill level 5 in Summonings
  3417 | D:3      | Reached XP level 5. HP: 17/35 MP: 2/9
  3700 | D:3      | Learned a level 4 spell: Summon Ice Beast
  4277 | D:3      | Found an ornate altar of the Wu Jian Council.
  4656 | D:4      | Noticed a phantom
  4783 | D:4      | Killed a phantom
  4783 | D:4      | Reached skill level 1 in Ice Magic
  5112 | D:4      | Reached XP level 6. HP: 41/41 MP: 3/10
  5292 | D:4      | Reached skill level 6 in Summonings
  5796 | D:4      | Found a staircase to the Ecumenical Temple.
  6306 | D:5      | Entered Level 5 of the Dungeon
  6916 | Temple   | Entered the Ecumenical Temple
  7428 | D:5      | Found a shimmering altar of Xom.
  7556 | D:6      | Reached XP level 7. HP: 38/46 MP: 11/11
  7599 | D:6      | Noticed Menkaure
  7641 | D:6      | Killed Menkaure
  8155 | D:6      | Found Kida's Magic Scroll Emporium.
  8163 | D:6      | Bought a scroll of blinking for 75 gold pieces
  8172 | D:6      | Found the -2 hat of the Alchemist {rElec rPois rF+ rC+ rN+ MR+ rMut rCorr}
  8336 | D:6      | Reached skill level 7 in Summonings
  8574 | D:6      | Found a sparkling altar of Nemelex Xobeh.
  8761 | D:6      | Found a sparkling altar of Nemelex Xobeh.
  8813 | D:6      | Found Kida's Magic Scroll Emporium.
  9828 | D:7      | Found a sand-covered staircase.
  9889 | D:7      | Reached XP level 8. HP: 46/52 MP: 6/12
 10189 | D:7      | Reached skill level 8 in Summonings
 10332 | D:7      | Found Huczett's Distillery.
 10782 | D:7      | Found a snail-covered altar of Cheibriados.
 10783 | D:7      | Found a blossoming altar of Fedhas.
 10895 | D:7      | Found a sparkling altar of Nemelex Xobeh.
 11065 | D:7      | Found a radiant altar of Vehumet.
 11066 | D:7      | Found a burning altar of Makhleb.
 11196 | D:7      | Found a sacrificial altar of Ru.
 11389 | D:8      | Noticed a two-headed ogre
 11408 | D:8      | Killed a two-headed ogre
 11408 | D:8      | Reached skill level 1 in Fighting
 11408 | D:8      | Reached skill level 1 in Armour
 11408 | D:8      | Reached skill level 9 in Summonings
 11408 | D:8      | Reached XP level 9. HP: 59/59 MP: 8/14
 11989 | D:8      | Found a hazy altar of Hepliaklqana.
 12587 | D:8      | Killed from afar by a steam dragon

Vault maps used:
D:1:      lightli_arrival_statuegarden, kennysheep_another_room
D:2:      yredelemnul_forgotten_temple_becter,
          nicolae_gozag_cash_rules_everything_around_me
D:3:      old_standard_altar, first_ration, uniq_robin
D:4:      temple_fountains
D:5:      kennysheep_little_box
D:6:      lemuel_round_altar, serial_shops, nicolae_shop_statue_plus,
          uniq_menkaure
D:7:      cheibrodos_quashed, grunt_temple_overflow_lords_of_destruction,
          nicolae_ru_the_path_less_chosen, grunt_temple_overflow_open,
          enter_ossuary_1, serial_shops, nicolae_shop_waterfront, basic_altar
D:8:      lemuel_crystal_altar, uniq_prince_ribbit1
Temple:   compressed_dpeg_triangle_lava_temple

Skill      XL: |  1  2  3  4  5  6  7  8  9 |
---------------+----------------------------+-----
Spellcasting   | 3 4 |  4.6
Summonings     | 4 5 6 7 9 |  9.0
Ice Magic      | 1 2 3 4 |  4.6
Fighting       | 1 2 |  2.6
Armour         | 1 2 |  2.2
Dodging        | |  1.5
Stealth        | |  1.5

Action                   |  1- 3 |  4- 6 |  7- 9 || total
-------------------------+-------+-------+-------++-------
Melee: Unarmed           |     9 |       |       ||     9
       Dagger            |     5 |    62 |   147 ||   214
 Cast: Summon Small Mamm |    48 |     1 |       ||    49
       Call Imp          |    46 |    51 |    21 ||   118
       Call Canine Famil |       |    45 |    30 ||    75
       Summon Ice Beast  |       |     2 |    57 ||    59
  Use: Scroll            |       |     6 |     3 ||     9
 Stab: Distracted        |       |       |     1 ||     1
Armor: Robe              |    12 |    11 |       ||    23
       Ring mail         |       |     4 |    49 ||    53
       Leather armour    |       |       |    27 ||    27
Dodge: Dodged            |    33 |    45 |    95 ||   173

Table legend:
 A = Spawn XP
 B = Non-spawn XP
 C = Spawn XP percentage of total XP
 D = Spawn monster count
 E = Non-spawn monster count
 F = Spawn count percentage of total count
 G = Total turns spent on level
                    A         B        C        D         E        F      G
               +---------+---------+-------+---------+---------+-------+---------
         Total |       0 |    3604 |   0.0 |       0 |     203 |   0.0 | 12587
               +---------+---------+-------+---------+---------+-------+---------
           D:1 |       0 |      24 |   0.0 |       0 |      21 |   0.0 |  1124
           D:2 |       0 |      46 |   0.0 |       0 |      27 |   0.0 |  1867
           D:3 |       0 |     215 |   0.0 |       0 |      39 |   0.0 |  1740
           D:4 |       0 |     266 |   0.0 |       0 |      17 |   0.0 |  1622
           D:5 |       0 |     168 |   0.0 |       0 |      11 |   0.0 |  1230
           D:6 |       0 |     379 |   0.0 |       0 |      17 |   0.0 |  2344
           D:7 |       0 |    1340 |   0.0 |       0 |      42 |   0.0 |  1439
           D:8 |       0 |    1166 |   0.0 |       0 |      29 |   0.0 |  1219
               +---------+---------+-------+---------+---------+-------+---------
